 Dungeon Crawl Stone Soup version 0.21.1-1-g345015f (webtiles) character file.

66 kae the Insei (level 3, 0/27 HPs)
             Began as a Demonspawn Transmuter on May 21, 2018.
             Slain by a worm (10 damage)
             ... on level 2 of the Dungeon.
             The game lasted 00:01:24 (1820 turns).

kae the Insei (Demonspawn Transmuter)               Turns: 1820, Time: 00:01:24

Health: 0/27       AC:  2    Str: 10    XL:     3   Next: 96%
Magic:  6/6        EV: 12    Int: 14    God:
Gold:   97         SH:  0    Dex: 14    Spells: 5/6 levels left

rFire    . . .     SeeInvis .     - Unarmed
rCold    . . .     Gourm    .   (no shield)
rNeg     . . .     Faith    .   b - +0 robe
rPois    .         Spirit   .   (no helmet)
rElec    .         Reflect  .   (no cloak)
rCorr    .         Harm     .   (no gloves)
MR       .....                  (no boots)
Stlth    +.........             (no amulet)
HPRegen  0.09/turn              (no ring)
MPRegen  0.10/turn              (no ring)

@: no status effects
A: claws 1, powered by pain 1
a: no special abilities


You were on level 2 of the Dungeon.
You were not hungry.

You visited 1 branch of the dungeon, and saw 2 of its levels.

You collected 97 gold pieces.

Inventory:

Missiles
 a - 135 arrows
Armour
 b - a +0 robe (worn)
Jewellery
 k - an uncursed ring of poison resistance {unknown}
Scrolls
 e - a scroll of teleportation {unknown}
 i - a scroll of identify {unknown}
 l - 3 scrolls of remove curse {unknown}
Potions
 f - 2 potions of resistance {unknown}
 g - a potion of degeneration {unknown}
 h - a potion of mutation {unknown}
 j - 3 potions of agility {unknown}
 n - 2 potions of curing {unknown}
Books
 c - a book of Changes

   Spells                             Type                      Level
   a - Beastly Appendage              Transmutation                1
   b - Sticks to Snakes               Transmutation                2
   c - Spider Form                    Transmutation/Poison         3
   d - Ice Form                       Ice/Transmutation            4
   e - Blade Hands                    Transmutation                5
Comestibles
 d - 5 rations
 m - 3 chunks of flesh


   Skills:
 + Level 1.7 Fighting
 - Level 1.7 Dodging
 * Level 3.4 Unarmed Combat
 + Level 2.4 Spellcasting
 * Level 2.6 Transmutations


You had 5 spell levels left.
You knew the following spells:

 Your Spells              Type           Power        Failure   Level  Hunger
a - Beastly Appendage     Tmut           #.....       8%          1    #......


Dungeon Overview and Level Annotations

Branches:
Dungeon (2/15)

Altars:


Innate Abilities, Weirdness & Mutations

You have sharp fingernails.
You sometimes gain a little power by taking damage.


Message History

The kobold is severely wounded.
Your horns disappear.
The kobold hits you with a whip.
You are too injured to fight recklessly!
You are too injured to fight recklessly!
You are too injured to fight recklessly!
You are too injured to fight recklessly!
You are too injured to fight recklessly!
You are too injured to fight recklessly!
You are too injured to fight recklessly!
You scratch the kobold.
You kill the kobold!
You scratch the worm but do no damage. You scratch the worm.
The worm is moderately wounded.
The worm bites you.
You claw the worm!
The worm is severely wounded.
The worm bites you!
You die...

##........#..# #
###########..###≈≈≈..≈..≈.
........# #....#≈≈...≈.⌠≈.
..##.##.###...##≈≈..≈..≈⌠.
......#.##.....# ≈..≈..≈..
.....#..#......##≈...≈≈..≈
......#.........##..w....≈
##
................##K.......
#.
.....##.........@#).......
##
........#.......#w†.......
.#########.....########.)#
.# ##...## . .# ##'## ###
.# ####.## #.. .# #.†...##
#.# .########.##..)#
..............#.#


You could see a worm.

Vanquished Creatures
  An adder (D:2)
  An ooze (D:2)
  2 dart slugs
  3 leopard geckos
  2 giant cockroaches
  3 goblins
  7 hobgoblins
  2 jackals (D:1)
  A quokka (D:2)
  2 ball pythons
  7 bats
  A frilled lizard (D:1)
  7 kobolds
  6 rats
45 creatures vanquished.

Notes
Turn   | Place    | Note
-------+----------+-------------------------------------------
     0 | D:1      | kae the Demonspawn Transmuter began the quest for the Orb.
     0 | D:1      | Reached XP level 1. HP: 15/15 MP: 3/3
   287 | D:1      | Gained mutation: You sometimes gain a little power by taking damage. [demonic ancestry]
   287 | D:1      | Reached XP level 2. HP: 13/21 MP: 3/5
   460 | D:1      | Reached skill level 3 in Unarmed Combat
  1138 | D:2      | Gained mutation: You have sharp fingernails. [demonic ancestry]
  1138 | D:2      | Reached XP level 3. HP: 17/26 MP: 6/6
  1820 | D:2      | Slain by a worm

Skill      XL: |  1  2 |
---------------+-------+-----
Transmutations | 2 |  2.6
Unarmed Combat | 3 |  3.4
Fighting       | |  1.7
Dodging        | |  1.7
Spellcasting   | |  2.4

Action                   || total
-------------------------++-------
Melee: Unarmed           ||   160
       Headbutt          ||     8
       Kick              ||     5
 Cast: Beastly Appendage ||    13
 Stab: Sleeping          ||     3
  Eat: Chunk             ||     3
Armor: Robe              ||    28
Dodge: Dodged            ||   114
